 Dungeon Crawl Stone Soup version 0.26-a0-854-gdc81c2f471 (webtiles) character file.

Game seed: 553911697312346252

1159 ANON1729 the Insei (level 8, -7/66 HPs)
             Began as a Green Draconian Transmuter on Nov 22, 2020.
             Killed from afar by a steam dragon (8 damage)
             ... with a ball of steam
             ... on level 6 of the Dungeon.
             The game lasted 00:09:28 (5479 turns).

ANON1729 the Insei (Green Draconian Transmuter)     Turns: 5479, Time: 00:09:29

Health: -7/66      AC:  7    Str: 12    XL:     8   Next: 16%
Magic:  13/13      EV: 13    Int: 16    God:
Gold:   168        SH:  0    Dex: 12    Spells: 8/14 levels left

rFire    . . .     SeeInvis .     - Unarmed
rCold    . . .     Faith    .   (no shield)
rNeg     . . .     Spirit   .   (armour unavailable)
rPois    +         Reflect  .   (helmet restricted)
rElec    .         Harm     .   p - +0 cloak
rCorr    .         Rampage  .   (no gloves)
MR       .....                  (no boots)
Stlth    +.........             (no amulet)
HPRegen  0.21/turn              (no ring)
MPRegen  0.13/turn              (no ring)

@: no status effects
A: breathe noxious fumes, unfitting armour, poison resistance, cold-blooded, AC
+6
a: Breathe Noxious Fumes


You were on level 6 of the Dungeon.
You visited 1 branch of the dungeon, and saw 6 of its levels.

You collected 414 gold pieces.
You spent 246 gold pieces at shops.

Inventory:

Missiles
 e - 30 poisoned darts (quivered)
 y - 2 curare-tipped darts
Armour
 p - a +0 cloak (worn)
Jewellery
 q - an uncursed amulet of faith
 v - an uncursed ring of protection from magic {unknown}
Wands
 f - a wand of polymorph (7)
 k - a wand of iceblast (7)
 A - a wand of paralysis (10)
Scrolls
 b - 5 scrolls of identify
 i - a scroll of fear
 j - 2 scrolls of random uselessness
 l - 5 scrolls of remove curse
 m - 3 scrolls of teleportation
 n - 8 scrolls of enchant weapon
 s - 2 scrolls of enchant armour
 u - 4 scrolls of immolation
Potions
 a - 2 potions of mutation {unknown}
 c - 2 potions of flight {unknown}
 d - 4 potions of curing {unknown}
 g - a potion of brilliance {unknown}
 h - 4 potions of lignification {unknown}
 o - 2 potions of heal wounds {unknown}
 t - a potion of attraction {unknown}
 w - 2 potions of berserk rage {unknown}
 x - a potion of invisibility
 z - a potion of haste {unknown}


   Skills:
 + Level 3.8 Fighting
 + Level 3.5 Dodging
 * Level 5.8 Unarmed Combat
 + Level 3.7 Spellcasting
 * Level 5.3 Transmutations
 + Level 2.7 Poison Magic


You had 8 spell levels left.
You knew the following spells:

 Your Spells              Type           Power        Failure   Level
a - Beastly Appendage     Tmut           ###...       1%          1
b - Wereblood             Tmut           ###.....     3%          2
c - Spider Form           Tmut/Pois      ###.......   10%         3

Your spell library contained the following spells:

 Spells                   Type           Power        Failure   Level
 Blade Hands              Tmut           ###.......   47%         5
 Ice Form                 Ice/Tmut       ##......     50%         4


Dungeon Overview and Level Annotations

Branches:
Dungeon (6/15)
 Temple: D:4-7

Altars:
Cheibriados
Elyvilon
Gozag
Hepliaklqana
Kikubaaqudgha
Nemelex Xobeh
Qazlal
Ru
Sif Muna
Uskayaw
Vehumet
Yredelemnul
The Shining One

Shops:
D:4 ?

Annotations:
D:4 1 runed translucent door


Innate Abilities, Weirdness & Mutations

You can breathe blasts of noxious fumes.
Your lurid green scales are hard. (AC +6)
You cannot fit into any form of body armour.
Your system is resistant to poisons. (rPois)
You are cold-blooded and may be slowed by cold attacks.


Message History

* * * LOW HITPOINT WARNING * * *
Okay, then.
Press: ? - help, Dir - move target cursor
As you read the scroll of blinking, it crumbles to dust.
You see here a leopard gecko corpse.
Your transformation is almost over.
Your horns disappear.
Your talons disappear.
An ice beast comes into view.
As you read the scroll of teleportation, it crumbles to dust.
You feel strangely unstable.
Your surroundings seem slightly different.
The white imp gestures at you. The puff of frost hits you!
* * * LOW HITPOINT WARNING * * *
The steam dragon breathes steam at you. The ball of steam misses you.
Okay, then.
The steam dragon breathes steam at you. The ball of steam hits you!
You die...

.§.###≈≈≈≈####
#..§#......## #
..§##...D.≈≈≈##
#...####.### #
.§.#....#†..≈≈# #...##
#.. ≈≈D....##....≈#
#....## ##≈≈≈≈###.....#
#.(...###
######.##...####.......#
## #...##.##..D#...##....
.#
##......5..§§...........
.#
##.....#...§.@....####...
.###......####.##....#
##. .....#....#
#.##......#
..############.##....#...
..# ###.......###.#.###.
..####...####### #.#.#
.##....### .#.. ..#.####
.# .# #.#.# .#


You could see a steam dragon (catching breath) and a white imp.

Vanquished Creatures
  A steam dragon (D:6)
  A black bear (D:5)
  A sky beast (D:4)
  2 phantoms (D:4)
  An ogre (D:4)
  A bullfrog (D:6)
  2 scorpions
  3 orc priests (D:4)
  A hound (D:4)
  A bullfrog skeleton (D:5)
  Jessica (D:2)
  3 orc wizards (D:5)
  Robin (D:3)
  4 adders
  A white imp (D:5)
  An adder skeleton (D:4)
  An adder zombie (D:5)
  3 worms
  3 dart slugs (D:1)
  3 leopard geckos
  10 orcs
  4 giant cockroaches
  11 hobgoblins
  3 jackals (D:6)
  4 kobolds
  3 quokkas
  9 bats
  4 frilled lizards
  20 goblins
  A jackal skeleton (D:6)
  5 rats
  A spectral orc (D:5)
110 creatures vanquished.

Notes
Turn   | Place    | Note
-------+----------+-------------------------------------------
     0 | D:1      | ANON1729 the Draconian Transmuter began the quest for the
                  | Orb.
     0 | D:1      | Reached XP level 1. HP: 16/16 MP: 3/3
   248 | D:1      | Reached XP level 2. HP: 15/23 MP: 5/5
   604 | D:1      | Reached XP level 3. HP: 28/28 MP: 6/6
   680 | D:1      | You fall into a shaft and drop 1 floor!
   758 | D:2      | Noticed Jessica
   791 | D:2      | Killed Jessica
   792 | D:2      | Reached XP level 4. HP: 32/36 MP: 7/7
  1088 | D:2      | Found a snail-covered altar of Cheibriados.
  1349 | D:2      | Found a stormy altar of Qazlal.
  1350 | D:2      | Found a hide-covered altar of Uskayaw.
  1518 | D:3      | Noticed Robin
  1534 | D:3      | Killed Robin
  1732 | D:2      | Learned a level 2 spell: Wereblood
  1736 | D:2      | Learned a level 3 spell: Spider Form
  2152 | D:3      | Found an ancient bone altar of Kikubaaqudgha.
  2152 | D:3      | Found a shimmering blue altar of Sif Muna.
  2156 | D:3      | Found a radiant altar of Vehumet.
  2176 | D:3      | Identified Sif Muna's Tome of Changing
  2270 | D:3      | Reached XP level 5. HP: 38/41 MP: 8/8
  2322 | D:3      | Found an opulent altar of Gozag.
  2751 | D:4      | Found a sacrificial altar of Ru.
  2755 | D:4      | Noticed a phantom
  2785 | D:4      | Killed a phantom
  2786 | D:4      | Reached XP level 6. HP: 14/50 MP: 8/10
  3142 | D:4      | Found Uthrana's Magic Scroll Emporium.
  3153 | D:4      | Bought a scroll of immolation for 42 gold pieces
  3153 | D:4      | Bought a scroll of identify for 24 gold pieces
  3153 | D:4      | Bought a scroll of teleportation for 36 gold pieces
  3153 | D:4      | Bought a scroll of remove curse for 36 gold pieces
  3158 | D:4      | Bought a scroll of identify for 24 gold pieces
  3158 | D:4      | Bought a scroll of identify for 24 gold pieces
  3158 | D:4      | Bought a scroll of identify for 24 gold pieces
  3158 | D:4      | Found a runed translucent door.
  3159 | D:4      | Found a glowing golden altar of the Shining One.
  3159 | D:4      | Noticed an angel
  3182 | D:4      | Bought a scroll of teleportation for 36 gold pieces
  3303 | D:4      | Found a sparkling altar of Nemelex Xobeh.
  3434 | D:4      | Reached skill level 1 in Poison Magic
  3434 | D:4      | Your scales start taking on a lurid green colour.
  3434 | D:4      | Reached XP level 7. HP: 46/57 MP: 11/11
  3434 | D:4      | Gained mutation: Your system is resistant to poisons.
                  | (rPois) [Green Draconian growth]
  3563 | D:4      | Reached skill level 5 in Unarmed Combat
  3572 | D:5      | Entered Level 5 of the Dungeon
  3572 | D:5      | Found a white marble altar of Elyvilon.
  4579 | D:5      | Found a hazy altar of Hepliaklqana.
  4854 | D:5      | Found a basalt altar of Yredelemnul.
  5069 | D:4      | Reached skill level 5 in Transmutations
  5281 | D:6      | Reached XP level 8. HP: 62/66 MP: 11/13
  5478 | D:6      | HP: 1/66 [white imp/puff of frost (8)]
  5479 | D:6      | Killed from afar by a steam dragon

Illustrated notes

Levels and vault maps discovered:
D:1:      sevenhm_arrival_forest_fort_large_1, layout_basic, serial_glass,
          glass_columns_c, glass_columns_c, minivault_24
D:2:      layout_loops_ring, gammafunk_temple_overflow_pools,
          grunt_decor_fettered, cheibriados_altar_1, uniq_jessica
D:3:      layout_loops_ring, grunt_temple_overflow_magic_moments,
          general_overflow_altar, uniq_robin
D:4:      cheibrodos_quashed, layout_rooms, marbit_many_paths,
          nicolae_overflow_crystal_walls, serial_shops, nicolae_shop_stone,
          lemuel_angel_altar
D:5:      layout_loops_ring, yredelemnul_forgotten_temple_becter,
          lemuel_doored_altar, basic_altar, kennysheep_minor_cross
D:6:      cheibrodos_steamvent, layout_rooms, lemuel_coloured_pillars_altar,
          okawaru_trees_2, uniq_maggie

Skill      XL: |  1  2  3  4  5  6  7 |
---------------+----------------------+-----
Dodging        | 2 3 |  3.5
Transmutations | 3 4 5 |  5.3
Fighting       | 2 3 |  3.8
Unarmed Combat | 4 5 |  5.8
Spellcasting   | 3 |  3.7
Poison Magic   | 1 2 |  2.7

Action                   |  1- 3 |  4- 6 |  7- 9 || total
-------------------------+-------+-------+-------++-------
Melee: Unarmed           |    94 |   163 |   143 ||   400
       Kick              |    13 |    19 |    12 ||    44
       Tailslap          |    11 |    15 |    14 ||    40
       Headbutt          |     8 |    20 |     7 ||    35
       Punch             |     1 |       |     5 ||     6
Throw: Dart              |       |    13 |       ||    13
 Cast: Beastly Appendage |    13 |    24 |     9 ||    46
       Wereblood         |       |     1 |       ||     1
       Spider Form       |       |     1 |     1 ||     2
 Abil: Breathe Noxious F |       |       |     4 ||     4
Evoke: Wand              |       |     2 |       ||     2
  Use: Scroll            |       |     5 |     2 ||     7
 Stab: Sleeping          |       |       |     1 ||     1
       Confused          |       |       |     2 ||     2
Armor: Skin              |    26 |    39 |    41 ||   106
Dodge: Dodged            |    59 |   106 |    76 ||   241

Table legend: (Time is in decaauts)
 A = Elapsed time spent in this place.
 B = Non-inter-level travel time spent in this place.
 C = Inter-level travel time spent in this place.
 D = Time resting spent in this place.
 E = Time spent auto-exploring this place.
 F = Levels seen in this place.
 G = Mean time per level.
                   A        B        C        D        E       F      G
               +--------+--------+--------+--------+--------+-----+--------+
         Total |   5450 |   5320 |    130 |    967 |   3394 |   6 |  908.3 |
       Dungeon |   5450 |   5320 |    130 |    967 |   3394 |   6 |  908.3 |
               +--------+--------+--------+--------+--------+-----+--------+

Top non-repeatable levels by time:
     D:5: 1441 daAuts
     D:3: 1219 daAuts
     D:4: 1001 daAuts
     D:2: 910 daAuts
     D:1: 678 daAuts
     D:6: 199 daAuts
